 Dungeon Crawl Stone Soup version 0.21.1-1-g345015fe64 (webtiles) character file.

1705 Hercules1031 the Chopper (level 8, -9/64 HPs)
             Began as a Demonspawn Chaos Knight on June 19, 2018.
             Mangled by an ogre
             ... wielding a +0 giant club
              (11 damage)
             ... on level 7 of the Dungeon on June 20, 2018.
             The game lasted 00:31:42 (5203 turns).

Hercules1031 the Chopper (Demonspawn Chaos Knight)  Turns: 5203, Time: 00:31:42

Health: -9/64      AC:  3    Str: 16    XL:     8   Next: 73%
Magic:  17/17      EV: 10    Int: 14    God:    Xom [...*..]
Gold:   293        SH:  0    Dex: 15    Spells: 7/7 levels left

rFire    . . .     SeeInvis .   k - +4 war axe (chaos)
rCold    . . .     Gourm    .   o - +3 shield
rNeg     . . .     Faith    .   e - +1 robe of a labyrinth {rElec rPois MR- Regen+}
rPois    +         Spirit   .   (helmet restricted)
rElec    +         Reflect  .   d - +0 cloak (curse)
rCorr    +         Harm     .   (no gloves)
MR       .....                  (no boots)
Stlth    +.........             q - amulet of regeneration
HPRegen  1.00/turn              g - ring of magical power
MPRegen  0.15/turn              m - ring of resist corrosion

@: confused, cleaving, heavily drained
A: claws 1, hooves 1, horns 1, agile 1, blurry vision 2, deformed body, foul
stench 1, poison resistance, screaming 1, spiny 1, strong 1, rot immunity
a: Renounce Religion


You were on level 7 of the Dungeon.
You worshipped Xom.
You were a favourite toy of Xom.
You were not hungry.

You visited 1 branch of the dungeon, and saw 7 of its levels.

You collected 293 gold pieces.

Inventory:

Hand Weapons
 a - a +0 hand axe of chaos
 k - a +4 war axe of chaos (weapon)
Armour
 b - a +3 leather armour
 d - a cursed +0 cloak (worn)
 e - the +1 robe of a labyrinth (worn) {rElec rPois MR- Regen+}
   (You found it on level 4 of the Dungeon)

   It insulates you from electricity.
   It protects you from poison.
   It affects your resistance to hostile enchantments.
   It increases your rate of regeneration.
 f - a +0 ring mail
 o - a +3 shield (worn)
 t - a +0 chain mail
Jewellery
 g - a ring of magical power (left claw)
 h - an uncursed amulet of faith
 l - an uncursed ring of magical power
 m - a ring of resist corrosion (right claw)
 q - an amulet of regeneration (around neck)
 v - an uncursed amulet of harm
Wands
 i - a wand of iceblast (12)
 j - a wand of paralysis (16)
 s - a wand of polymorph (15)
Scrolls
 p - 3 scrolls of identify
Potions
 n - a potion of flight
 u - a potion of agility
Comestibles
 c - 8 rations


   Skills:
 + Level 5.6(4.0) Fighting
 * Level 6.8(5.1) Axes
 + Level 4.7(3.1) Armour
 + Level 4.4(2.8) Dodging
 + Level 2.3(0.8) Shields


You had 7 spell levels left.
You didn't know any spells.

Dungeon Overview and Level Annotations

Branches:
Dungeon (7/15)             Temple (0/1) D:6

Altars:
Nemelex Xobeh
Trog
Wu Jian
Xom

Annotations:
Abyss:1 Sigmund


Innate Abilities, Weirdness & Mutations

You have sharp fingernails.
You have a pair of small horns on your head.
You may emit foul miasma when damaged in melee.
You are partially covered in sharp spines.
You are immune to rotting.
You have large cloven feet.
You are agile. (Dex +2)
Scrolls take you longer to read.
Armour fits poorly on your strangely shaped body.
Your system is resistant to poisons. (rPois)
You occasionally shout uncontrollably at your foes.
Your muscles are strong. (Str +2)


Message History

Your shield prevents you from hitting the yak.
You closely miss the yak. You hit the yak. You freeze the yak.
The yak closely misses you. You block the ogre's attack.
The yak gores you but does no damage.
The yak looks sick.
The yak is struck by your spines. The yak gores you!
* * * LOW HITPOINT WARNING * * *
You emit a cloud of foul miasma!
Okay, then.
Okay, then.
You are confused.
You feel invigorated. The yak is struck by your spines. The yak gores you!
* * * LOW HITPOINT WARNING * * *
The yak looks sick.
You emit a cloud of foul miasma!
The yak is struck by your spines. The yak barely misses you.
The yak is engulfed in dark miasma.
The yak is poisoned.
The yak is struck by your spines. The yak gores you!
* * * LOW HITPOINT WARNING * * *
The ogre is struck by your spines. The ogre hits you with a giant club!
You die...
Xom roars with laughter!

....... .......
.......### ..?......##
..........####
......Z......###########
......YY..##............
.....oY@...........[....
####..O.###.......####..
#....# #######...##..
♣....♣ ###..### ♣♣...♣
#..## ♣♣.♣♣ .... ♣♣ ##.
.. ..


You could see 3 yaks, an ogre, an orc and a quokka skeleton.

Vanquished Creatures
  Grinder (D:3)
  A sky beast (D:5)
  A phantom (D:4)
  2 ogres
  A centaur (D:6)
  4 bullfrogs (D:6)
  A bullfrog zombie (D:5)
  A centaur zombie (D:7)
  2 orc priests (D:6)
  3 hounds (D:6)
  A centaur skeleton (D:6)
  A jelly (D:6)
  An orc wizard (D:3)
  Jessica (D:2)
  Natasha (D:2)
  Terence (D:2)
  2 worker ants
  A hound zombie (D:6)
  4 gnolls (D:3)
  11 adders
  2 shadow imps
  5 oozes
  An adder zombie (D:5)
  2 worms
  A dart slug (D:5)
  7 leopard geckos
  10 orcs
  A bat (shapeshifter) (D:6)
  4 bats
  8 giant cockroaches
  7 goblins
  7 hobgoblins
  8 jackals
  8 kobolds
  5 quokkas
  A ball python (D:2)
  4 frilled lizards
  A quokka skeleton (D:5)
  6 rats
129 creatures vanquished.

Notes
Turn   | Place    | Note
-------+----------+-------------------------------------------
     0 | D:1      | Hercules1031 the Demonspawn Chaos Knight began the quest for the Orb.
     0 | D:1      | Reached XP level 1. HP: 18/18 MP: 1/1
    16 | D:1      | Reached skill level 1 in Dodging
    18 | D:1      | Gained mutation: You have a pair of small horns on your head. [demonic ancestry]
    18 | D:1      | Reached XP level 2. HP: 8/24 MP: 2/2
    32 | D:1      | Gained mutation: Your magical capacity is low. (-10% MP) [potion of mutation]
    32 | D:1      | Gained mutation: You have supernaturally acute eyesight. (SInv) [potion of mutation]
    53 | D:1      | Reached skill level 3 in Axes
   124 | D:1      | XOM: silly message
   311 | D:1      | XOM: harmless Fire miscast
   429 | D:1      | XOM: harmless Summ miscast
   448 | D:1      | Gained mutation: You are partially covered in sharp spines. [demonic ancestry]
   448 | D:1      | Reached XP level 3. HP: 29/29 MP: 2/2
   493 | D:1      | XOM: harmless Necr miscast
   600 | D:2      | XOM: god gift: wand of iceblast (12)
   607 | D:2      | Noticed Sigmund
   619 | D:2      | XOM: scenery: create altars
   627 | D:2      | Banished Sigmund
   627 | D:2      | Gained mutation: You are immune to rotting. [demonic ancestry]
   627 | D:2      | Reached XP level 4. HP: 19/37 MP: 1/3
   627 | D:2      | Reached XP level 5. HP: 22/42 MP: 1/4
   692 | D:2      | Reached skill level 4 in Axes
   926 | D:2      | XOM: cloud trail
  1027 | D:2      | Gained mutation: Your muscles are strong. (Str +2) [mutagenic glow]
  1078 | D:2      | Gained mutation: Your flesh is cold resistant. (rC+) [mutagenic glow]
  1105 | D:2      | Gained mutation: You occasionally shout uncontrollably at your foes. [mutagenic glow]
  1129 | D:2      | Noticed Terence
  1139 | D:2      | Killed Terence
  1139 | D:2      | Lost mutation: You have supernaturally acute eyesight. (SInv) [mutagenic glow]
  1139 | D:2      | Gained mutation: Scrolls take you a little longer to read. [mutagenic glow]
  1161 | D:2      | Lost mutation: Your muscles are strong. (Str +2) [mutagenic glow]
  1216 | D:2      | Gained mutation: You tend to lose your temper in combat. [mutagenic glow]
  1262 | D:2      | Gained mutation: Scrolls take you longer to read. [mutagenic glow]
  1339 | D:2      | Noticed Jessica
  1354 | D:2      | Killed Jessica
  1363 | D:2      | Lost mutation: Your magical capacity is low. (-10% MP) [potion of mutation]
  1363 | D:2      | Lost mutation: Scrolls take you longer to read. [potion of mutation]
  1363 | D:2      | Lost mutation: Your flesh is cold resistant. (rC+) [potion of mutation]
  1363 | D:2      | Lost mutation: You tend to lose your temper in combat. [potion of mutation]
  1363 | D:2      | Gained mutation: You are agile. (Dex +2) [potion of mutation]
  1612 | D:2      | Noticed Natasha
  1613 | D:2      | XOM: confuse monster(s)
  1623 | D:2      | Killed Natasha
  1623 | D:2      | Gained mutation: You may emit foul miasma when damaged in melee. [demonic ancestry]
  1623 | D:2      | Reached XP level 6. HP: 48/48 MP: 4/6
  1678 | D:3      | Noticed Grinder
  1682 | D:3      | XOM: fog
  1690 | D:3      | Killed Grinder
  2041 | D:3      | XOM: god gift: glowing war axe {god gift}
  2058 | D:3      | Found a sparkling altar of Nemelex Xobeh.
  2058 | D:3      | Found a transporter.
  2370 | D:3      | Reached skill level 5 in Axes
  2374 | D:3      | Reached XP level 7. HP: 30/55 MP: 7/7
  2375 | D:3      | XOM: enchant monster (good)
  2376 | D:3      | XOM: scenery: create altars
  2383 | D:3      | XOM: god gift: inky potion {god gift}
  2636 | D:3      | XOM: give mutations
  2636 | D:3      | Gained mutation: Your system is resistant to poisons. (rPois) [Xom's grace]
  2636 | D:3      | Gained mutation: You have large cloven feet. [Xom's grace]
  2636 | D:3      | Gained mutation: Your muscles are strong. (Str +2) [Xom's grace]
  2752 | D:4      | Got a steaming robe
  2755 | D:4      | Identified the +1 robe of a labyrinth {rElec rPois MR- Regen+} (You found it on level 4 of the Dungeon)
  2843 | D:4      | Found a bloodstained altar of Trog.
  2921 | D:4      | XOM: harmless Tloc miscast
  3145 | D:4      | XOM: summons 2 hostile demons
  3148 | D:4      | XOM: smoke on damage
  3547 | D:4      | XOM: 4-stop teleportation journey
  3636 | D:4      | XOM: mild Tloc miscast
  3759 | D:5      | Entered Level 5 of the Dungeon
  3824 | D:5      | XOM: butterfly on damage
  3826 | D:5      | Reached skill level 5 in Fighting
  4092 | D:5      | Reached skill level 1 in Shields
  4092 | D:5      | Gained mutation: You have sharp fingernails. [demonic ancestry]
  4092 | D:5      | Reached XP level 8. HP: 54/62 MP: 8/8
  4354 | D:5      | XOM: give mutations
  4354 | D:5      | Gained mutation: Armour fits poorly on your strangely shaped body. [Xom's mischief]
  4354 | D:5      | Gained mutation: Scrolls take you longer to read. [Xom's mischief]
  4373 | D:5      | Reached skill level 6 in Axes
  4465 | D:6      | XOM: smoke on damage
  4556 | D:6      | Found a shimmering altar of Xom.
  4556 | D:6      | Found an ornate altar of the Wu Jian Council.
  4684 | D:6      | XOM: mild Ice miscast
  4706 | D:6      | XOM: cloud trail
  4707 | D:6      | XOM: harmless Fire miscast
  4763 | D:6      | XOM: scenery: create altars
  4820 | D:6      | XOM: cast spell 'Call Canine Familiar'
  4821 | D:6      | Found a staircase to the Ecumenical Temple.
  5039 | D:6      | XOM: harmless Chrm miscast
  5194 | D:7      | XOM: cleaving
  5203 | D:7      | HP: 2/64 [yak (11)]
  5203 | D:7      | Mangled by an ogre

Skill      XL: |  1  2  3  4  5  6  7  8 |
---------------+-------------------------+-----
Dodging        | 1 2 3 4 |  4.4
Armour         | 2 3 4 |  4.7
Axes           | 3 4 5 6 |  6.8
Fighting       | 4 5 |  5.6
Shields        | 1 2 |  2.3

Action                   |  1- 3 |  4- 6 |  7- 9 || total
-------------------------+-------+-------+-------++-------
Melee: Hand axe          |    53 |    80 |       ||   133
       Headbutt          |     4 |    14 |    17 ||    35
       War axe           |       |    10 |   105 ||   115
       Kick              |       |       |    24 ||    24
  Use: Potion            |     4 |     9 |     4 ||    17
       Scroll            |       |     8 |     9 ||    17
 Stab: Petrified         |       |       |     2 ||     2
       Paralysed         |       |       |     2 ||     2
       Sleeping          |       |       |     1 ||     1
       Distracted        |       |       |     1 ||     1
  Eat: Ration            |     1 |     2 |     2 ||     5
Armor: Leather armour    |    19 |     8 |     3 ||    30
       Scale mail        |       |    26 |       ||    26
       Robe              |       |       |    19 ||    19
Dodge: Dodged            |    41 |    41 |    38 ||   120
Block: Shield            |       |       |    41 ||    41
